 Dungeon Crawl Stone Soup version 0.26.1-11-gd32895ea62 (webtiles) character file.

Game seed: 9562491540401666364

25388 eagelman13508 the Basher (level 12, -7/107 HPs)
             Began as a Troll Berserker on June 16, 2021.
             Was a High Priest of Trog.
             Mangled by a harpy (12 damage)
             ... on level 1 of the Shoals on June 20, 2021.
             The game lasted 02:48:34 (14312 turns).

eagelman13508 the Basher (Troll Berserker)         Turns: 14312, Time: 02:48:38

Health: -7/107     AC:  7    Str: 38    XL:     12   Next: 89%
Magic:  11/11      EV:  5    Int:  3    God:    Trog [*****.]
Gold:   745        SH:  0    Dex:  9    Spells: 11/11 levels left

rFire    . . .     SeeInvis .   L - +6 morningstar
rCold    + . .     Faith    +   d - +6 tower shield {reflect}
rNeg     . . .     Spirit   .   m - +1 robe {rC+}
rPois    +         Reflect  +   (helmet restricted)
rElec    .         Harm     .   (no cloak)
rCorr    .         Rampage  .   (gloves unavailable)
Will     .....                  (boots unavailable)
Stlth    +.........             k - amulet of faith
HPRegen  0.67/turn              G - +6 ring of strength
MPRegen  0.12/turn              w - ring of poison resistance

@: about to teleport, held, studying Armour
A: large, unfitting armour, claws 3, regeneration 1, shaggy fur 1, tough skin 3
a: Renounce Religion, Berserk, Trog's Hand, Brothers in Arms


You were on level 1 of the Shoals.
You worshipped Trog.
Trog was extremely pleased with you.
You visited 3 branches of the dungeon, and saw 15 of its levels.

You collected 947 gold pieces.
You spent 202 gold pieces at shops.

Inventory:

Hand Weapons
 u - a +0 whip of freezing
 F - a +8 club
 I - a +0 giant club
 L - a +6 morningstar (weapon)
Missiles
 f - 77 poisoned darts
 n - 4 boomerangs
 p - 5 atropa-tipped darts
 B - a throwing net
 R - 10 javelins (quivered)
Armour
 d - a +6 tower shield of reflection (worn)
 m - a +1 robe of cold resistance (worn)
Jewellery
 b - an uncursed amulet of guardian spirit
 k - an amulet of faith (around neck)
 w - a ring of poison resistance (right claw)
 G - a +6 ring of strength (left claw)
 N - an uncursed ring of resist corrosion
Wands
 C - a wand of polymorph (22)
 D - a wand of flame (8)
 M - a wand of paralysis (15)
Scrolls
 h - 8 scrolls of identify
 i - a scroll of random uselessness {unknown}
 j - 5 scrolls of fog
 s - 6 scrolls of teleportation
 t - 3 scrolls of magic mapping
 v - 5 scrolls of remove curse
 y - 2 scrolls of noise {unknown}
 z - 3 scrolls of immolation
 A - 5 scrolls of fear
 P - a scroll of torment {unknown}
 Q - a scroll of silence {unknown}
Potions
 l - a potion of magic
 o - a potion of ambrosia {unknown}
 q - 2 potions of haste
 r - 2 potions of berserk rage
 x - 7 potions of curing
 E - a potion of brilliance {unknown}
 H - 2 potions of heal wounds {unknown}
 J - 2 potions of lignification {unknown}
Books
 a - a manual of Armour


   Skills:
 + Level 4.1 Fighting
 + Level 13.5 Maces & Flails
 * Level 2.2 Throwing
 - Level 2.8 Dodging
 + Level 12.6 Shields


You had 11 spell levels left.
You didn't know any spells.
Your spell library was empty.

Dungeon Overview and Level Annotations

Branches:
Dungeon (11/15)            Temple (0/1) D:7            Lair (3/6) D:10
 Shoals (1/4) Lair:2          Orc (0/2) D:10
  Snake: Lair:2-4    Spider: Lair:2-4

Altars:
Cheibriados
Dithmenos
Elyvilon
Gozag
Makhleb
Okawaru
Ru
Sif Muna
Xom
The Shining One
Beogh

Shops:
D:5 *[*(   D:8 (   D:10 [   Shoals:1 ?

Annotations:
D:10 3 runed translucent doors, vvl's ghost, journeyman DsTm


Innate Abilities, Weirdness & Mutations

You are too large for most types of armour.
You have claws for hands.
Your natural rate of healing is unusually fast.
You are covered in fur. (AC +1)
You have extremely tough skin. (AC +3)


Message History

The harpy screeches!
The harpy claws you.
* * * LOW HITPOINT WARNING * * *
The harpy claws you.
* * * LOW HITPOINT WARNING * * *
The harpy claws you but does no damage. x2; The harpy barely misses you.
The harpy claws you but does no damage. The harpy claws you!
* * * LOW HITPOINT WARNING * * *
The harpy claws you but does no damage. The harpy claws you!
* * * LOW HITPOINT WARNING * * *
The harpy claws you.
* * * LOW HITPOINT WARNING * * *
You feel better.
The harpy screeches!
The harpy barely misses your ogre. x2; The harpy claws you.
* * * LOW HITPOINT WARNING * * *
The harpy claws you but does no damage. The harpy claws you.
* * * LOW HITPOINT WARNING * * *
The harpy claws you but does no damage. The harpy claws you!
You die...

≈≈≈≈≈≈≈≈≈≈≈≈≈≈≈≈≈≈≈≈≈≈≈≈≈
≈≈≈≈≈≈≈≈≈≈≈≈≈≈≈≈≈≈≈≈≈≈≈≈≈
≈≈≈≈≈≈≈≈≈≈≈≈≈≈≈≈≈≈≈≈≈≈≈≈≈
≈≈≈≈..≈≈≈≈≈≈≈≈≈≈≈≈≈≈≈≈≈≈≈
≈≈.....≈≈≈≈≈≈≈≈≈≈≈≈≈≈≈≈≈≈
.......≈≈≈≈≈≈≈≈≈≈≈(≈≈≈≈≈≈
..≈.....≈≈.≈≈≈≈)H≈m≈≈≈≈≈.
≈........≈....≈≈OH≈≈≈≈≈≈.
.≈...≈≈.........@H≈≈≈≈≈..
.........##......H...≈≈≈#
.........###..####.....≈.
....#..###....# #....≈.
...###.###....# ....≈≈
.........##.... ......
≈.........#.≈≈≈≈ ≈.#...
..≈..≈≈≈.... #.
.≈..≈≈≈≈...≈


You could see a merfolk, 4 harpies and a friendly ogre (summoned, berserk).

Vanquished Creatures
  2 hydras (Lair:1)
  A boulder beetle (D:11)
  A catoblepas (D:8)
  2 sea snakes (Shoals:1)
  An unseen horror (D:8)
  Pikel (D:4)
  4 fauns (Shoals:1)
  2 manticores (Shoals:1)
  A merfolk siren (Shoals:1)
  3 cane toads
  3 rime drakes (Lair:2)
  A komodo dragon (Lair:3)
  2 trolls
  A polar bear (Lair:2)
  2 merfolk (Shoals:1)
  3 jumping spiders (Lair:3)
  A redback (Lair:3)
  A shadow (D:7)
  A wraith (D:10)
  11 yaks
  A water elemental (Shoals:1)
  3 wyverns
  6 humans (D:7)
  Grum (D:9)
  5 basilisks
  Menkaure (D:6)
  11 water moccasins
  4 black bears
  5 orc warriors
  2 phantoms
  3 ice beasts
  A sky beast (D:1)
  9 wolves
  4 ogres
  8 centaurs
  2 lemures (D:4)
  2 big kobolds
  19 bullfrogs
  A wyvern skeleton (D:8)
  3 scorpions
  4 killer bees (D:8)
  12 wights
  An electric eel (Lair:2)
  4 howler monkeys
  A bullfrog zombie (D:5)
  A centaur zombie (D:11)
  A quasit (D:7)
  3 jellies
  5 hounds
  3 orc priests
  2 centaur skeletons
  4 bullfrog skeletons
  Ijyb (D:4)
  3 iguanas
  9 orc wizards
  7 worker ants
  2 hound zombies
  A howler monkey zombie (D:8)
  3 worker ant zombies
  4 gnolls (D:6)
  19 adders
  2 shadow imps
  2 white imps
  2 ufetubi (D:5)
  An ooze (D:5)
  An adder zombie (D:7)
  2 adder skeletons
  5 worms
  A dart slug (D:1)
  5 leopard geckos
  33 orcs
  2 ball pythons
  2 bats (D:2)
  6 giant cockroaches
  7 hobgoblins
  11 jackals
  14 kobolds
  4 quokkas
  8 frilled lizards
  8 goblins
  6 rats
347 creatures vanquished.

Vanquished Creatures (collateral kills)
  A boulder beetle (D:8)
  A two-headed ogre (D:8)
  A faun (Shoals:1)
  An ugly thing (D:11)
  A merfolk siren (Shoals:1)
  Prince Ribbit (D:8)
  An orc warrior (D:10)
  An ogre (D:8)
  A centaur (D:8)
  2 bullfrogs (D:8)
  A scorpion (D:8)
  2 hounds (D:8)
  A jelly (D:8)
  An orc priest (D:10)
  An orc wizard (D:10)
  2 adders (D:8)
19 creatures vanquished.

Vanquished Creatures (others)
  5 fungi
  56 plants
61 creatures vanquished.

Grand Total: 427 creatures vanquished

Notes
Turn   | Place    | Note
-------+----------+-------------------------------------------
     0 | D:1      | eagelman13508 the Troll Berserker began the quest for the
                  | Orb.
     0 | D:1      | Reached XP level 1. HP: 22/22 MP: 0/0
   184 | D:1      | Reached XP level 2. HP: 29/29 MP: 1/1
   288 | D:1      | Reached skill level 3 in Maces & Flails
   601 | D:1      | Reached ** piety under Trog
   909 | D:2      | Reached XP level 3. HP: 29/36 MP: 2/2
   984 | D:2      | Noticed a sky beast
  1025 | D:1      | Killed a sky beast
  1026 | D:1      | Reached skill level 4 in Maces & Flails
  1026 | D:1      | Reached XP level 4. HP: 44/44 MP: 3/3
  1185 | D:2      | Reached XP level 5. HP: 41/50 MP: 4/4
  1447 | D:2      | Found a shimmering blue altar of Sif Muna.
  1448 | D:2      | Found a shadowy altar of Dithmenos.
  1482 | D:2      | Found a burning altar of Makhleb.
  1490 | D:2      | Found an iron altar of Okawaru.
  1663 | D:3      | Reached skill level 5 in Maces & Flails
  2255 | D:3      | Found a sacrificial altar of Ru.
  2264 | D:3      | Reached *** piety under Trog
  2336 | D:3      | Reached XP level 6. HP: 59/59 MP: 5/5
  2535 | D:3      | Found a white marble altar of Elyvilon.
  2943 | D:4      | Reached skill level 6 in Maces & Flails
  3024 | D:4      | Noticed Pikel
  3036 | D:4      | Killed Pikel
  3037 | D:4      | Reached skill level 7 in Maces & Flails
  3037 | D:4      | Reached XP level 7. HP: 66/66 MP: 6/6
  3040 | D:4      | Reached skill level 8 in Maces & Flails
  3389 | D:4      | Noticed Ijyb
  3396 | D:4      | Killed Ijyb
  3573 | D:5      | Entered Level 5 of the Dungeon
  3665 | D:5      | Reached XP level 8. HP: 32/74 MP: 7/7
  3748 | D:5      | Found Vodoj's General Store.
  3756 | D:5      | Found Funoucis's Weapon Emporium.
  3757 | D:5      | Found Baumm's Assorted Antiques.
  3757 | D:5      | Found Yttept's Antique Armour Emporium.
  3793 | D:5      | Bought a shiny tower shield for 202 gold pieces
  3914 | D:5      | Reached skill level 9 in Maces & Flails
  4718 | D:6      | Reached **** piety under Trog
  4719 | D:6      | Reached skill level 1 in Shields
  4954 | D:6      | Noticed Menkaure
  4963 | D:6      | Killed Menkaure
  5013 | D:6      | Found a glowing golden altar of the Shining One.
  5308 | D:6      | Found an opulent altar of Gozag.
  5995 | D:7      | Reached skill level 10 in Maces & Flails
  6048 | D:7      | You fall into a shaft and drop 2 floors!
  6165 | D:9      | Reached XP level 9. HP: 80/80 MP: 8/8
  6304 | D:8      | Noticed Prince Ribbit
  6323 | D:8      | Killed Prince Ribbit
  6345 | D:8      | HP: 1/80 [something (9)]
  6492 | D:8      | Noticed Grum
  6502 | D:9      | Killed Grum
  6503 | D:9      | Reached skill level 5 in Shields
  6716 | D:8      | Killed an unseen horror
  6717 | D:8      | Reached XP level 10. HP: 88/88 MP: 9/9
  6778 | D:8      | Reached ***** piety under Trog
  6799 | D:8      | Noticed a two-headed ogre
  6804 | D:8      | Killed a two-headed ogre
  6805 | D:8      | Reached skill level 11 in Maces & Flails
  6949 | D:8      | Noticed a catoblepas
  7117 | D:7      | Found a staircase to the Ecumenical Temple.
  7928 | D:8      | Killed a catoblepas
  7934 | D:8      | Reached XP level 11. HP: 55/96 MP: 10/10
  8026 | D:8      | Identified the Disquisition on Combat Magic and Shape
                  | Shifting
  8055 | D:8      | Noticed a boulder beetle
  8083 | D:8      | Killed a boulder beetle
  8157 | D:8      | Found Peuseopp's Weapon Boutique.
  8385 | D:8      | Found a snail-covered altar of Cheibriados.
  8395 | D:8      | Reached skill level 10 in Shields
  8841 | D:10     | Entered Level 10 of the Dungeon
  8848 | D:10     | Found a snail-covered altar of Cheibriados.
  8940 | D:10     | Found Cheibriados's Comfort Zone.
  9053 | D:10     | Found a staircase to the Orcish Mines.
  9069 | D:10     | Found a roughly hewn altar of Beogh.
  9162 | D:10     | Found a staircase to the Lair.
  9576 | D:10     | Reached skill level 12 in Maces & Flails
  9579 | D:10     | Found a runed translucent gate.
  9581 | D:10     | Found a runed translucent gate.
  9583 | D:10     | Found a runed translucent gate.
  9584 | D:10     | Found an opulent altar of Gozag.
  9586 | D:10     | Noticed a deep elf mage
  9586 | D:10     | Noticed vvl's ghost (journeyman DsTm)
 10104 | D:11     | Found a shimmering altar of Xom.
 10240 | D:11     | Noticed a cyan ugly thing
 10249 | D:11     | Killed a cyan ugly thing
 10569 | D:11     | Noticed a boulder beetle
 10740 | D:11     | Killed a boulder beetle
 10844 | Lair:1   | Entered Level 1 of the Lair of Beasts
 11143 | Lair:1   | Noticed a seven-headed hydra
 11155 | Lair:1   | Killed a seven-headed hydra
 11155 | Lair:1   | Received a gift from Trog
 11318 | Lair:1   | Noticed an eight-headed hydra
 11331 | Lair:1   | Killed an eight-headed hydra
 11332 | Lair:1   | Reached XP level 12. HP: 104/104 MP: 11/11
 12207 | Lair:2   | Found a staircase to the Shoals.
 12357 | Lair:2   | Reached skill level 13 in Maces & Flails
 13482 | Shoals:1 | Entered Level 1 of the Shoals
 13482 | Shoals:1 | Found Mint's Magic Scroll Shop.
 13720 | Shoals:1 | Reached skill level 1 in Throwing
 14311 | Shoals:1 | HP: 4/107 [harpy (5)]
 14312 | Shoals:1 | Mangled by a harpy

Illustrated notes

Levels and vault maps discovered:
D:1:      minmay_arrival_jagged, layout_loops_cross
D:2:      layout_loops_cross, chequers_temple_overflow_statue_of_worship,
          amethyst_overflow_temple_binary, nrook_mini_backslash
D:3:      layout_basic, elyvilon_altar_3, nicolae_ru_great_annihilating_truth
D:4:      layout_cave_pools, serial_column_ruins, column_ruins_grid_1,
          column_ruins_open_tiny, column_ruins_open_tiny, column_ruins_grid_4,
          uniq_ijyb, uniq_pikel
D:5:      layout_basic, serial_bayou_pond_c, minmay_shop_grid_forest
D:6:      layout_layer_cave, nicolae_tso_carved_into_rock,
          nicolae_gozag_seed_capital, uniq_menkaure
D:7:      layout_rooms, minmay_temple_entry_junction, minmay_ruffians
D:8:      minmay_the_grid_octo_tiled_octocenter
          [minmay_the_grid_octo_thin_diamonds, minmay_the_grid_octo_pinwheel,
          minmay_the_grid_octo_odd_swirl, minmay_the_grid_octo_clover_2,
          minmay_the_grid_octo_prize_star,
          minmay_the_grid_square_5x5_intrusive_squares,
          minmay_the_grid_square_5x5_beaten_path,
          minmay_the_grid_square_5x5_bracketed,
          minmay_the_grid_square_5x5_percent], layout_loops_ring, slow_altar_2,
          serial_shops, shop, minmay_statues_item, grunt_ministairs_11,
          uniq_grum, uniq_prince_ribbit1
D:9:      layout_roguey
D:10:     layout_loops_ring, minmay_lair_entry_grove,
          minmay_orc_entry_temple_small, ebering_ghost_gozag, minmay_shop_chei,
          roderic_lattice_a
D:11:     layout_long_grid, basic_altar
Lair:1:   layout_roguey, grunt_megastairs_2
Lair:2:   layout_cave_pods, elwin_shoals_entry_rocks,
          infiniplex_staircase_pool_2, serial_bayou_shore_b, lemuel_fruit_tree
Lair:3:   layout_regular_city, nicolae_spider_entry_tight_spaces, serial_forest,
          infiniplex_forest_lined_2, infiniplex_forest_end_1,
          infiniplex_forest_lined_3, infiniplex_forest_straight_3,
          infiniplex_forest_end_3, infiniplex_forest_straight_4,
          infiniplex_forest_clump_C, infiniplex_forest_lined_room_2
Shoals:1: layout_shoals, serial_shops, shop

Skill      XL: |  1  2  3  4  5  6  7  8  9 10 11 12 |
---------------+-------------------------------------+-----
Maces & Flails | 3 4 5 7 8 10 11 12 13 | 13.5
Shields        | 3 6 9 11 12 | 12.6
Fighting       | 4 |  4.1
Throwing       | 2 |  2.2
Dodging        | |  2.8

Action                   |  1- 3 |  4- 6 |  7- 9 | 10-12 || total
-------------------------+-------+-------+-------+-------++-------
Melee: Mace              |   103 |   198 |    15 |       ||   316
       Whip              |       |       |    40 |       ||    40
       Club              |       |       |   288 |   294 ||   582
       Morningstar       |       |       |       |   475 ||   475
Throw: Dart              |       |     5 |     4 |    38 ||    47
       Throwing net      |       |     1 |       |       ||     1
       Boomerang         |       |     1 |       |       ||     1
       Javelin           |       |       |       |     7 ||     7
Invok: Berserk           |     1 |     2 |    13 |    19 ||    35
       Trog's Hand       |       |     2 |     3 |     4 ||     9
       Brothers in Arms  |       |       |     2 |    10 ||    12
  Use: Scroll            |     1 |       |     7 |    18 ||    26
       Potion            |       |     4 |       |     1 ||     5
 Stab: Paralysed         |       |     2 |       |       ||     2
       Invisible         |       |     1 |       |       ||     1
       Distracted        |       |       |     1 |       ||     1
       Sleeping          |       |       |       |     1 ||     1
Armor: Animal skin       |    13 |       |    60 |    27 ||   100
       Robe              |    42 |    73 |    11 |    50 ||   176
Dodge: Dodged            |    74 |   101 |    65 |    94 ||   334
Block: Tower shield      |       |       |   201 |   644 ||   845
       Reflection        |       |       |     4 |    44 ||    48
